[Event "Early-Titled-Tuesday-Blitz-May-07-2024"]
[Site "Chess.com"]
[Date "2024.05.07"]
[Round "1"]
[White "stepanosinovsky"]
[Black "Evan_Attaker"]
[Result "0-1"]
[WhiteElo "2326"]
[BlackElo "2626"]
[TimeControl "180+1"]
[EndTime "8:07:10 PDT"]
[Termination "Evan_Attaker won on time"]

1. Nf3 c5 2. g3 b6 3. Bg2 Bb7 4.
O-O Nf6 5. d3 e6 6. e4 d6 7.
Nbd2 Be7 8. Re1 a6 9. a4 Qc7 10. b3 O-O 11. Bb2 Nbd7 12. h4 Rfd8 13. e5 dxe5 14. Nxe5 Bxg2 15. Kxg2 b5 16. Qf3 Nxe5 17. Bxe5 Qc8 18. h5 h6 19. Ne4 Nxe4 20. Rxe4 f6 21. Bb2 e5 22. Rg4 Bf8 23. Rg6 Be7 24. Bc1 Kf7 25.
Kh2 c4 26. axb5 cxd3 27. cxd3 axb5 28. Rxa8 Qxa8 29. Qg4 Bf8 30. Bxh6 gxh6 31. Rg8 Qd5 32. Rh8 Qxd3 33. Rh7+ Qxh7 0-1

[Event "Early-Titled-Tuesday-Blitz-May-07-2024"]
[Site "Chess.com"]
[Date "2024.05.07"]
[Round "1"]
[White "ImportedItalianMaple"]
[Black "K_A_S_T_O_R"]
[Result "0-1"]
[WhiteElo "2492"]
[BlackElo "2882"]
[TimeControl "180+1"]
[EndTime "8:07:11 PDT"]
[Termination "K_A_S_T_O_R won by resignation"]

1. e4 c5 2. Nf3 d6 3. Bb5+ Bd7 4. Bxd7+ Qxd7 5. O-O Nc6 6. Re1 e5 7. c3 g6 8. d4 Bg7 9. Be3 cxd4 10. cxd4 Nf6 11. dxe5 Nxe5 12. Nxe5 dxe5 13. Nc3 Qxd1 14. Rexd1 O-O 15.
f3 b6 16. Kf2 h6 17. Rd6 Rfd8 18. Rad1 Rxd6 19. Rxd6 Kf8 20. Bxh6 Nxe4+ 21. Nxe4 Bxh6 22. Ke2 Bc1 23. b3 Ke7 24. Rc6 Ba3 25. Rc7+ Kf8 26. Ng5 Be7 27. h4 a5 28. Rb7 Rc8 29. Kd3 Rd8+ 30.
Ke3 Rd1 31. Ne4 Re1+ 32. Kd2 Ra1 33. a4 Ra2+ 34. Kd3 Rxg2 35. Rxb6 Bxh4 36. Rb5 Be1 37.
Rxe5 Bb4 38. Nc3 Rf2 39. Nd5 Rxf3+ 40. Kc4 Bd2 41. Re2 Bg5 42. Re5 Bd8 43. Re2 Rg3 44. Nc3 Rg4+ 45. Kc5 Rb4 46. Rb2 Bf6 47. Rc2 Rxb3 48. Nb5 Be7+ 49. Kb6 Bb4 50. Rc8+ Kg7 51. Kc6 Rb2 52. Kd5 Rd2+ 53. Kc4 Rc2+ 54. Kb3 Rxc8 0-1

[Event "Early-Titled-Tuesday-Blitz-May-07-2024"]
[Site "Chess.com"]
[Date "2024.05.07"]
[Round "1"]
[White "YouShallNotPass001"]
[Black "chessdjw"]
[Result "1-0"]
[WhiteElo "2461"]
[BlackElo "2774"]
[TimeControl "180+1"]
[EndTime "8:07:12 PDT"]
[Termination "YouShallNotPass001 won by checkmate"]

1. e4 e5 2. Nf3 Nc6 3. Bb5 a6 4. Bxc6 dxc6 5. O-O Bd6 6. d4 exd4 7. Qxd4 f6 8. Re1 Ne7 9. Nbd2 Be6 10. b3 O-O 11.
Bb2 c5 12. Qc3 Ng6 13. Nc4 Be7 14. Rad1 Qe8 15. Ne3 Qc6 16. Nf5 Rfe8 17. h4 Bf8 18. h5 Nf4 19. h6 Bxf5 20. exf5 b5 21. hxg7 Bxg7 22. Kf1 Re4 23. Qd2 Rae8 24. Bc1 Nxg2 25. Rxe4 Qxe4 26. Qd5+ Qxd5 27. Rxd5 Bf8 28. Kxg2 Re2 29. Rd2 Re4 30. Rd7 Bd6 31. Be3 Rg4+ 32. Kf1 h5 33. a4 bxa4 34. bxa4 Rxa4 35. Nd2 Ra2 36. Ne4 Rxc2 37. Nxf6+ Kf8 38. Bh6# 1-0

[Event "Early-Titled-Tuesday-Blitz-May-07-2024"]
[Site "Chess.com"]
[Date "2024.05.07"]
[Round "1"]
[White "FXDon77"]
[Black "Silvederione"]
[Result "1-0"]
[WhiteElo "2847"]
[BlackElo "2476"]
[TimeControl "180+1"]
[EndTime "8:07:13 PDT"]
[Termination "FXDon77 won on time"]

1. e4 c5 2. Nf3 Nc6 3. Bb5 e5 4. O-O d6 5. c3 a6 6. Bxc6+ bxc6 7. d4 cxd4 8. cxd4 exd4 9. Nxd4 Bd7 10. Nc3 Nf6 11.
h3 Be7 12. Bf4 O-O 13. Qd3 Qa5 14. Rfe1 Rfe8 15. Rad1 Rab8 16. Nb3 Qb4 17. Bxd6 Bxd6 18.
Qxd6 Be6 19. Qxc6 Bxb3 20. axb3 Qxb3 21. e5 Nh5 22. Rd2 a5 23. Qf3 g6 24. Re3 Qb4 25. g3 Ng7 26. Ne4 Rxe5 27. Nf6+ Kh8 28. Rxe5 Qxd2 29.
Re7 Ne6 30. Nxh7 Qc1+ 31. Kh2 Qh6 32. Qxf7 1-0

[Event "Early-Titled-Tuesday-Blitz-May-07-2024"]
[Site "Chess.com"]
[Date "2024.05.07"]
[Round "1"]
[White "CSB7"]
[Black "thesupera12"]
[Result "1-0"]
[WhiteElo "2789"]
[BlackElo "2444"]
[TimeControl "180+1"]
[EndTime "8:07:14 PDT"]
[Termination "CSB7 won by resignation"]

1. d4 Nf6 2. Bf4 Nh5 3. Bc1 Nf6 4. Nf3 d5 5. Bf4 c5 6. e3 Nc6 7. Nbd2 Bg4 8. c3 e6 9. Qa4 Bd6 10. Ba6 bxa6 11. Qxc6+ Ke7 12. Qb7+ Qd7 13. Bxd6+ Kxd6 14. Qxa6+ Ke7 15. dxc5 Rhc8 16. b4 Bxf3 17. Nxf3 Ne4 18.
Rc1 Rc6 19. Qd3 f6 20. Nd4 Rc7 21. f3 Ng5 22. h4 Nf7 23. Qxh7 g5 24. hxg5 Rh8 25.
g6 Rxh7 26. Rxh7 Qe8 27. gxf7 Qf8 28. Kf2 f5 29. Rch1 a5 30. Rh8 axb4 31. Rxf8 Kxf8 32.
Nxe6+ Kxf7 33. Nxc7 bxc3 34. Nxd5 c2 35. Rc1 f4 36. Nxf4 Kf6 37. Rxc2 Ke5 38. Rd2 Kf5 39. a4 Kg5 40. a5 Kh4 41. a6 Kg5 42. a7 Kh6 43. a8=Q Kh7 44. c6 Kh6 45. c7 Kg5 46.
c8=Q Kf6 47. e4 Kg5 48. Qf8 Kh4 49. e5 Kg5 50. e6 1-0

[Event "Early-Titled-Tuesday-Blitz-May-07-2024"]
[Site "Chess.com"]
[Date "2024.05.07"]
[Round "1"]
[White "jinxy2009"]
[Black "Bykov_Egor"]
[Result "0-1"]
[WhiteElo "2291"]
[BlackElo "2616"]
[TimeControl "180+1"]
[EndTime "8:07:14 PDT"]
[Termination "Bykov_Egor won on time"]

1. e4 c5 2. Nf3 e6 3. d4 cxd4 4. Nxd4 Nf6 5. Nc3 Nc6 6. Ndb5 Bc5 7. Bf4 e5 8. Bg5 O-O 9. Nd5 Bxf2+ 10. Ke2 d6 11.
Bxf6 gxf6 12. Kxf2 a6 13. Nbc3 f5 14. Bd3 fxe4 15.
Nxe4 f5 16. Nec3 e4 17. Bc4 Ne5 18. Bb3 Kh8 19. Rf1 Qh4+ 20. Kg1 Ng4 21. h3 Ne5 22. Qd4 Rg8 23. Nf4 Rg7 24. Qxd6 Ng6 25. Nh5 Rd7 26. Qe6 Qxh5 27. Qe8+ Kg7 28. Qg8+ Kh6 29. Be6 Rg7 30.
Qe8 Re7 31. Qg8 Rxe6 32. Nd5 Qg5 0-1

[Event "Early-Titled-Tuesday-Blitz-May-07-2024"]
[Site "Chess.com"]
[Date "2024.05.07"]
[Round "1"]
[White "maurovargas01"]
[Black "Journey_to_GrandMaster_YT"]
[Result "1-0"]
[WhiteElo "1975"]
[BlackElo "2535"]
[TimeControl "180+1"]
[EndTime "8:07:14 PDT"]
[Termination "maurovargas01 won by checkmate"]

1. e4 d6 2. Nc3 Nf6 3. f4 c5 4. d3 Nc6 5. Nf3 g6 6. h3 Bg7 7. g4 O-O 8. Bg2 Rb8 9. O-O b5 10. Nd5 Nxd5 11. exd5 Nd4 12. Ng5 b4 13. c3 bxc3 14.
bxc3 Nb5 15. Qe1 Bxc3 16. Bd2 Bxa1 17. Qxa1 Nd4 18. Bc3 Qb6 19. Kh1 Ba6 20. Re1 Bxd3 21. Kh2 f6 22. Bxd4 cxd4 23. Ne6 Rfc8 24. Qd1 Rc3 25. Qd2 Ra3 26. f5 Qb4 27. Qh6 Kf7 28. Qxh7+ Ke8 29. Qg8+ Kd7 30. Nc5+ dxc5 31. Qe6+ Kc7 32.
Qc6+ Kd8 33. d6 Qxe1 34. Qc7+ Ke8 35. d7+ Kf7 36. Qxb8 Rxa2 37. Qe8+ Kg7 38. Qxg6+ Kf8 39.
d8=Q# 1-0

[Event "Early-Titled-Tuesday-Blitz-May-07-2024"]
[Site "Chess.com"]
[Date "2024.05.07"]
[Round "1"]
[White "Tsyhanchuk_Stanislav"]
[Black "SRob2003"]
[Result "0-1"]
[WhiteElo "2361"]
[BlackElo "2660"]
[TimeControl "180+1"]
[EndTime "8:07:15 PDT"]
[Termination "SRob2003 won by resignation"]

1. e4 c5 2. Nf3 d6 3. c3 Nf6 4. Be2 g6 5. O-O Bg7 6. d3 O-O 7. Bf4 Nc6 8. Nbd2 a6 9. d4 cxd4 10. cxd4 Nh5 11. Be3 e5 12. d5 Ne7 13.
Nc4 Nf4 14. Qd2 Nxe2+ 15. Qxe2 b5 16. Ncd2 f5 17. Bg5 h6 18. Bxe7 Qxe7 19. Rfc1 f4 20. a4 bxa4 21. Rxa4 g5 22. Rac4 g4 23. Ne1 f3 24.
gxf3 gxf3 25. Nexf3 Bg4 26. Rc7 Qf6 27. R7c3 Ra7 28.
Qe3 Raf7 29. Ne1 Qxf2+ 30. Qxf2 Rxf2 31. Nc4 Rf1+ 32. Kg2 R8f2+ 33. Kg3 h5 34. Nxd6 Bh6 35. Rc8+ Bxc8 36. Rxc8+ Kg7 37. Nf5+ Rxf5 38. exf5 Rxe1 39. Rc7+ Kg8 40. d6 Rd1 41. d7 Bg5 42. Ra7 Kf8 43. h4 Bf6 44. Rxa6 Ke7 45. Re6+ Kf7 46. b4 Rxd7 47.
b5 Rd3+ 48. Kf2 Rb3 49. b6 Bxh4+ 50. Ke2 Bf6 51. Rc6 Bd8 52. Kd2 Rxb6 53. Rc3 Rf6 54. Rh3 Rxf5 55. Ke3 Kg6 56. Ke4 Rg5 57. Ra3 Bf6 58. Ra6 Rg4+ 59. Kf3 Kf5 60. Ra8 e4+ 61. Ke3 Rg3+ 62. Kf2 Rf3+ 63. Ke2 h4 64. Ra1 h3 65.
Rh1 Be5 66. Rg1 h2 67. Rh1 Kg4 68. Ke1 Kh3 69. Rxh2+ Kxh2 70. Kd1 Rf2 71. Ke1 Kg3 0-1

[Event "Early-Titled-Tuesday-Blitz-May-07-2024"]
[Site "Chess.com"]
[Date "2024.05.07"]
[Round "1"]
[White "superjem123"]
[Black "NajdorfPlayerc5"]
[Result "1-0"]
[WhiteElo "2742"]
[BlackElo "2423"]
[TimeControl "180+1"]
[EndTime "8:07:16 PDT"]
[Termination "superjem123 won by checkmate"]

1. c4 Nf6 2. g3 c5 3. Bg2 d5 4.
cxd5 Nxd5 5. Nf3 Nc6 6. d4 e6 7.
O-O Be7 8. dxc5 Bxc5 9. a3 O-O 10.
b4 Be7 11. Bb2 Bf6 12. Ra2 a5 13. b5 Na7 14. Nd4 Bxd4 15. Qxd4 Nf6 16. a4 Qxd4 17. Bxd4 Rd8 18. Bxf6 gxf6 19. Rc2 Rd7 20. Rfc1 Rb8 21. Rc7 b6 22. Rxd7 Bxd7 23. Rc7 Bxb5 24. Rxa7 Bxa4 25. Nc3 Bb3 26. Nb5 Bc4 27. Nd6 Bxe2 28. Nxf7 Rc8 29.
Nh6+ Kh8 30. Be4 f5 31. Ba8 Rc1+ 32. Kg2 Rc8 33. Kh3 Bd3 34. Kh4 b5 35. Kg5 b4 36.
Kf6 b3 37. Rg7 b2 38. Nf7# 1-0

[Event "Early-Titled-Tuesday-Blitz-May-07-2024"]
[Site "Chess.com"]
[Date "2024.05.07"]
[Round "1"]
[White "GlavkonVVS"]
[Black "chesslh93"]
[Result "1-0"]
[WhiteElo "2653"]
[BlackElo "2355"]
[TimeControl "180+1"]
[EndTime "8:07:17 PDT"]
[Termination "GlavkonVVS won on time"]

1. c4 e6 2. Nc3 d5 3. d4 Nf6 4.
Nf3 Be7 5. Bg5 O-O 6. e3 h6 7.
Bxf6 Bxf6 8. Qc2 c5 9. dxc5 dxc4 10. Bxc4 Qa5 11. O-O Bxc3 12. Qxc3 Qxc3 13. bxc3 Nd7 14. c6 bxc6 15. Rfd1 Nb6 16. Be2 c5 17. a4 a5 18.
Rd6 Nd5 19. Rc1 Ra7 20. Ne5 Re8 21. Bb5 Rf8 22. e4 Nf6 23. f3 Rc7 24. Nc4 Ra7 25. Rcd1 g5 26. Rc6 Bd7 27. Rxc5 Bxb5 28. axb5 a4 29.
b6 Rb7 30. Rc7 Rfb8 31. Rxb7 Rxb7 32. Rd8+ Kg7 33. Ra8 Nd7 34. Ra7 Nc5 35. Ra5 Nd7 36.
Rxa4 Kf6 37. Ra7 Nc5 38. Kf2 Ke7 39. Ke3 e5 40. Rxb7+ Nxb7 41. Nxe5 1-0

[Event "Early-Titled-Tuesday-Blitz-May-07-2024"]
[Site "Chess.com"]
[Date "2024.05.07"]
[Round "1"]
[White "Nechitaylo_Nikita"]
[Black "LeninGuerra"]
[Result "0-1"]
[WhiteElo "2351"]
[BlackElo "2648"]
[TimeControl "180+1"]
[EndTime "8:07:17 PDT"]
[Termination "LeninGuerra won on time"]

1. d4 Nf6 2. c4 c5 3. d5 b5 4. cxb5 a6 5. bxa6 Bxa6 6. Nc3 d6 7. e4 Nbd7 8. Bxa6 Rxa6 9. Nf3 g6 10. O-O Bg7 11. a4 O-O 12. Ra3 Qa8 13. Qc2 Rb8 14. Nb5 Rc8 15. Nd2 Nb6 16. Nc4 Nxc4 17. Qxc4 Nd7 18. a5 Rxa5 19. Bg5 Nb6 20. Qe2 Rxa3 21.
bxa3 Kf8 22. Qg4 h6 23. Bf4 Rd8 24. h4 h5 25. Qg5 Qa4 26. Nxd6 f6 27. Qxg6 exd6 28.
Bh6 Bxh6 29. Qxh6+ Ke7 30. Qg7+ Ke8 31. Qxf6 Qxe4 32.
Qh8+ Kd7 33. Qxh5 Qxd5 34. Qh7+ Kc6 35. g4 Qf3 36. g5 Qg4+ 37. Kh2 Nd5 38. f3 Qf4+ 39. Kh3 Re8 40. g6 Re2 0-1

[Event "Early-Titled-Tuesday-Blitz-May-07-2024"]
[Site "Chess.com"]
[Date "2024.05.07"]
[Round "1"]
[White "cthulhuuu"]
[Black "mind1mover"]
[Result "0-1"]
[WhiteElo "2500"]
[BlackElo "2902"]
[TimeControl "180+1"]
[EndTime "8:07:18 PDT"]
[Termination "mind1mover won by checkmate"]

1. e4 e5 2. Nf3 Nc6 3. d3 Nf6 4. g3 d5 5. exd5 Nxd5 6. Bg2 Bd6 7. O-O O-O 8. Nc3 Nxc3 9. bxc3 h6 10. Rb1 Rb8 11.
d4 b6 12. Re1 exd4 13. cxd4 Bg4 14. c3 Re8 15. Be3 Na5 16. Qa4 Qd7 17. Qxd7 Bxd7 18. Nd2 Bf5 19. Rbc1 Ba3 20. Bf4 Bxc1 21. Rxc1 Rbc8 22.
c4 c5 23. d5 g5 24. Be3 Nb7 25. a4 Nd6 26. a5 Ra8 27. Rc3 Nb7 28. axb6 axb6 29.
f4 Ra1+ 30. Kf2 Nd6 31. fxg5 hxg5 32. Bxg5 Bg4 33. Be3 Ra2 34. Bf3 Bf5 35. Bf4 Ne4+ 36. Bxe4 Rxe4 37. Kf3 Rd4 38. Nb3 Rd1 39. g4 Rf1+ 40. Kg3 Be4 41. Nd2 Rg1+ 42. Kh4 f5 43. Nxe4 Rxg4+ 44. Kh5 Rxf4 45. d6 Rxe4 46. Kg6 Re6+ 47.
Kxf5 Rxd6 48. Rg3+ Kf7 49. Ke5 Re6+ 50. Kd5 Rd2+ 51.
Rd3 Rxd3# 0-1

[Event "Early-Titled-Tuesday-Blitz-May-07-2024"]
[Site "Chess.com"]
[Date "2024.05.07"]
[Round "1"]
[White "kanzaww"]
[Black "LyonBeast"]
[Result "0-1"]
[WhiteElo "2541"]
[BlackElo "3129"]
[TimeControl "180+1"]
[EndTime "8:07:19 PDT"]
[Termination "LyonBeast won by resignation"]

1. e4 c5 2. Nf3 Nc6 3. d4 cxd4 4.
Nxd4 e6 5. Nc3 Qc7 6. Be3 a6 7. a3 b5 8. Nxc6 dxc6 9. Qg4 e5 10. Qg3 h5 11. h4 Ne7 12. Be2 Ng6 13. O-O Be6 14. Rfd1 Rh7 15. Rd2 Nf4 16. Bf1 Be7 17. Ne2 Ng6 18. Bg5 Bxg5 19. Qxg5 Qe7 20. Qxe7+ Kxe7 21. g3 Rhh8 22. Rad1 Rhb8 23. f4 Bg4 24. f5 Nf8 25. Kf2 g6 26. Rd6 Rd8 27. f6+ Ke8 28. R1d2 Ne6 29. Nc1 Nd4 30. Rxd8+ Rxd8 31. c3 Ne6 32.
Rxd8+ Kxd8 33. Nb3 Kc7 34. Ke3 Bd1 35. Nd2 Nc5 36. Bh3 Nd7 37. b4 Nxf6 38. Nf3 Bxf3 39. Kxf3 Ne8 40. Ke3 Nd6 41. Kd3 Nc4 42. a4 Nb2+ 43.
Kc2 Nxa4 44. Bf1 Nb6 45. Kb3 Kd6 46. Be2 c5 47. g4 hxg4 48. Bxg4 c4+ 49. Kc2 Nd7 50. h5 gxh5 51. Bxh5 Ke7 52. Kd2 Nf6 53. Bf3 Ne8 54. Ke3 Nd6 55. Bg4 f6 56. Bh3 Kd8 57. Bg4 Kc7 58. Be6 Kb6 59. Bd5 a5 60. bxa5+ Kxa5 61. Bc6 Ka4 62. Bd7 Kb3 0-1

[Event "Early-Titled-Tuesday-Blitz-May-07-2024"]
[Site "Chess.com"]
[Date "2024.05.07"]
[Round "1"]
[White "Caterpiller35"]
[Black "DominguezOnYoutube"]
[Result "0-1"]
[WhiteElo "2526"]
[BlackElo "2977"]
[TimeControl "180+1"]
[EndTime "8:07:19 PDT"]
[Termination "DominguezOnYoutube won by checkmate"]

1. e4 c5 2. Nf3 d6 3. d4 cxd4 4. Nxd4 Nf6 5. Nc3 a6 6. Bg5 Nbd7 7. Qe2 Qc7 8. O-O-O h6 9. Be3 e6 10. f3 b5 11. a4 b4 12. Na2 d5 13. exd5 Nxd5 14.
Bd2 Be7 15. Qc4 Qxc4 16. Bxc4 N7b6 17. Bxd5 Nxd5 18. Nc6 a5 19. Nxe7 Kxe7 20. Rhe1 Bb7 21. Kb1 g5 22. Nc1 Rac8 23. Nb3 Ra8 24. Nd4 Kf6 25. Re2 Rhd8 26. Nb3 Nf4 27. Rf2 e5 28. Kc1 Ne6 29. Be3 Rxd1+ 30. Kxd1 Bc6 31. Rd2 Bxa4 32. Nc5 Nxc5 33. Bxc5 Rc8 34. Rd6+ Kg7 35. b3 Bxb3 36. cxb3 Rxc5 37. Ra6 h5 38. Kd2 h4 39. h3 f6 40.
Ra7+ Kg6 41. Ra6 Kf5 42. Ra8 Rc3 43. Rxa5 Rxb3 44. Ke2 Rb2+ 45. Kf1 Kf4 46. Ra1 f5 47. Kg1 Kg3 48. f4 Rxg2+ 49. Kh1 Rh2+ 50. Kg1 exf4 51.
Rb1 Rc2 52. Rb3+ f3 53. Kf1 Rc1# 0-1

[Event "Early-Titled-Tuesday-Blitz-May-07-2024"]
[Site "Chess.com"]
[Date "2024.05.07"]
[Round "1"]
[White "slorovel"]
[Black "Zhigalko_Sergei"]
[Result "1-0"]
[WhiteElo "2508"]
[BlackElo "2863"]
[TimeControl "180+1"]
[EndTime "8:07:20 PDT"]
[Termination "slorovel won by checkmate"]

1. e4 c5 2. Nf3 Nc6 3. Bb5 Nf6 4. Nc3 Qc7 5. O-O Nd4 6. Re1 a6 7. Bf1 e5 8. Nd5 Nxd5 9. exd5 d6 10. Nxd4 cxd4 11.
c3 dxc3 12. dxc3 Be7 13. f4 O-O 14. fxe5 dxe5 15. Kh1 Bd6 16. c4 e4 17. Rxe4 Bxh2 18.
Bd3 Bg3 19. Qf3 Bd7 20. Bg5 f6 21. Bd2 Be5 22. Rae1 Rf7 23. b3 Rd8 24. b4 b6 25.
Rc1 Ba4 26. Rh4 f5 27. c5 Bf6 28. d6 Qd7 29. Bxf5 Bxh4 30. Bxd7 Rxf3 31. Bxa4 Rd3 32. Bf4 Bg3 33. Bxg3 Rxg3 34. c6 Rxd6 35. c7 Rh6+ 36. Kg1 Rc3 37. Rxc3 Kf7 38. c8=Q Rf6 39. Qe8# 1-0

[Event "Early-Titled-Tuesday-Blitz-May-07-2024"]
[Site "Chess.com"]
[Date "2024.05.07"]
[Round "1"]
[White "unbreakablepawn35"]
[Black "jk13"]
[Result "1/2-1/2"]
[WhiteElo "2394"]
[BlackElo "2680"]
[TimeControl "180+1"]
[EndTime "8:07:20 PDT"]
[Termination "Game drawn - insufficient material"]

1. d4 Nf6 2. Nf3 e6 3. e3 d5 4. Bd3 c5 5. b3 Be7 6. Bb2 O-O 7. O-O b6 8. Nbd2 Ba6 9. Bxa6 Nxa6 10. Qe2 Nb4 11.
c4 Rc8 12. a3 Nc6 13. Rfc1 cxd4 14. Nxd4 Nxd4 15. Bxd4 Qd7 16. cxd5 Nxd5 17. Nf3 Rxc1+ 18. Rxc1 Bxa3 19. Ra1 Bd6 20. Qa6 Bb8 21. Ne5 Qc8 22.
Qxc8 Rxc8 23. Nd7 Bd6 24. g3 Rc7 25. Ne5 Bxe5 26. Bxe5 Rd7 27. Bd4 f6 28. Rc1 e5 29.
Bb2 Kf7 30. Ba3 Rc7 31. Rxc7+ Nxc7 32. Kf1 Ke6 33. Ke2 e4 34. Kd2 Kd5 35. Bf8 Ne6 36.
Ba3 g5 37. h3 h5 38. Bb2 f5 39. Bf6 g4 40. hxg4 hxg4 41. Kc3 Nc5 42. Kb4 Nd3+ 43.
Kb5 Nxf2 44. Bg5 Nd3 45. Ka6 Kc6 46. Kxa7 Kb5 47. Kb7 Nc5+ 48. Kc7 Nxb3 49. Kd6 Kc4 50. Ke5 b5 51. Kxf5 Nd2 52. Bf6 Kd3 53. Kxg4 Kxe3 54. Kf5 Kf3 55. g4 e3 56. Bc3 Ne4 57. Be1 e2 58. g5 Nxg5 59. Kxg5 Kg2 60. Kf4 Kf1 61. Bb4 e1=Q 62. Bxe1 Kxe1 63. Ke3 Kd1 64. Kd3 Kc1 65. Kc3 Kb1 66. Kb4 Ka2 67. Kxb5 1/2-1/2

[Event "Early-Titled-Tuesday-Blitz-May-07-2024"]
[Site "Chess.com"]
[Date "2024.05.07"]
[Round "1"]
[White "alvarorodriguezavila"]
[Black "ahmedkandiliii"]
[Result "0-1"]
[WhiteElo "2347"]
[BlackElo "2642"]
[TimeControl "180+1"]
[EndTime "8:07:20 PDT"]
[Termination "ahmedkandiliii won on time"]

1. e4 c6 2. Nf3 g6 3. Nc3 Bg7 4. d4 d5 5. h3 dxe4 6. Nxe4 Nf6 7. Nxf6+ exf6 8. Bd3 O-O 9. O-O Be6 10. Re1 b5 11. Bf4 Nd7 12. c3 Nb6 13. Qd2 Re8 14. Qc2 Bd5 15. Nd2 Qd7 16. Nb3 Rxe1+ 17. Rxe1 Re8 18.
Re2 Bf8 19. Nc5 Bxc5 20. dxc5 Nc4 21. Rxe8+ Qxe8 22. b3 Qe1+ 23. Bf1 Ne5 24. Qd2 Qb1 25. Qc1 Qxa2 26. Bxe5 fxe5 27. Qg5 Qxb3 28. Qxe5 Qd1 29. Qe8+ Kg7 30. Qe5+ f6 31. Qc7+ Bf7 32. Qxa7 Qd5 33. Qe7 Qe6 34. Qxe6 Bxe6 35. f4 Bd5 36. Kf2 Kf7 37. Ke3 Ke6 38. g4 g5 39. Be2 Bg2 40.
Bd3 Bxh3 41. fxg5 fxg5 42. Bxh7 Bxg4 43. Be4 Kd7 44. Kd4 Be6 45. Ke5 g4 46. Kf4 Ke7 47. Bxc6 Bd7 48. Bg2 Kd8 49. c6 Bc8 50. Be4 Kc7 51.
Bg2 Kb6 52. Kg3 Kc5 53. Be4 Kc4 54. c7 Kxc3 55. Bc6 b4 56. Ba4 b3 57. Bxb3 Kxb3 0-1

[Event "Early-Titled-Tuesday-Blitz-May-07-2024"]
[Site "Chess.com"]
[Date "2024.05.07"]
[Round "1"]
[White "Roosters19"]
[Black "Defend1r"]
[Result "0-1"]
[WhiteElo "2301"]
[BlackElo "2619"]
[TimeControl "180+1"]
[EndTime "8:07:21 PDT"]
[Termination "Defend1r won by resignation"]

1. d4 Nf6 2. Bg5 e6 3. Nd2 h6 4. Bh4 d5 5. Ngf3 Be7 6. e3 Nbd7 7. Bd3 c5 8. c3 O-O 9. Qe2 b6 10. e4 dxe4 11. Nxe4 Bb7 12. dxc5 Nxe4 13. Bxe7 Qxe7 14. Bxe4 Bxe4 15. Qxe4 Nxc5 16. Qe3 Rfd8 17. O-O Rd3 18. Qf4 Rad8 19. h3 Qd6 20. Qh4 e5 21. Rfe1 f6 22. a4 Ne6 23. Qc4 Qd5 24. Qxd5 R8xd5 25. Kf1 Kf7 26.
Ra3 Rd6 27. h4 h5 28. Rb3 Nc5 29. Rb4 R3d5 30. a5 Nd3 31. axb6 axb6 32. Rbe4 Nxe1 33. Rxe1 Rd1 34. Ke2 Rxe1+ 35. Kxe1 Ke6 36. Ke2 Kd5 37. Ke3 f5 38. Nd2 Rg6 39. g3 Rg4 40. b3 Rg6 41. c4+ Kc5 42. Kd3 Rd6+ 43. Kc3 e4 44. Nf1 Rd3+ 45. Kc2 Rf3 0-1

[Event "Early-Titled-Tuesday-Blitz-May-07-2024"]
[Site "Chess.com"]
[Date "2024.05.07"]
[Round "1"]
[White "LimeInTheCoconut"]
[Black "glebus008"]
[Result "1/2-1/2"]
[WhiteElo "2597"]
[BlackElo "2283"]
[TimeControl "180+1"]
[EndTime "8:07:21 PDT"]
[Termination "Game drawn by stalemate"]

1. Nf3 d5 2. e3 Nf6 3. c4 e6 4. b3 Be7 5. Bb2 O-O 6. Nc3 c5 7. cxd5 exd5 8. d4 Nc6 9. Be2 Ne4 10. O-O Bf6 11. Nxe4 dxe4 12. Ne5 cxd4 13. Nxc6 bxc6 14. Bxd4 Bxd4 15. Qxd4 Qxd4 16. exd4 Be6 17. Rac1 Bd5 18. Rc5 a5 19. Bc4 a4 20. Bxd5 cxd5 21. Rxd5 axb3 22.
axb3 Rfb8 23. Re5 Rxb3 24. Rxe4 Rd3 25. g3 Rd8 26. Rb1 g6 27. Rb4 Rd5 28. h4 h5 29.
Kf1 Rf5 30. Kg2 Rd2 31. Rf4 Rxf4 32. gxf4 Rd3 33. f3 Rd2+ 34. Kg3 Kg7 35. f5 Kf6 36.
fxg6 fxg6 37. Kf4 Rh2 38. Rb6+ Kf7 39. Kg5 Rg2+ 40. Kh6 Rd2 41. Rxg6 Rxd4 42. Kxh5 Rf4 43. Rg3 Kf6 44. Rg6+ Kf7 45. Rb6 Rxf3 46. Rb7+ Kg8 47.
Kh6 Rf6+ 48. Kg5 Rf8 49. h5 Kh8 50. Kg6 Rc8 51. Rh7+ Kg8 52. Rg7+ Kh8 53. Rh7+ Kg8 54. Rg7+ Kh8 55. Rf7 Rc6+ 56. Rf6 Rxf6+ 57. Kxf6 Kh7 58.
Kg5 Kg7 59. h6+ Kh7 60. Kh5 Kh8 61. Kg6 Kg8 62. h7+ Kh8 63. Kh6 1/2-1/2

[Event "Early-Titled-Tuesday-Blitz-May-07-2024"]
[Site "Chess.com"]
[Date "2024.05.07"]
[Round "1"]
[White "GothamChess"]
[Black "RusPakhom"]
[Result "1-0"]
[WhiteElo "2719"]
[BlackElo "2407"]
[TimeControl "180+1"]
[EndTime "8:07:22 PDT"]
[Termination "GothamChess won on time"]

1. e4 c5 2. Nc3 d6 3. d4 cxd4 4. Qxd4 Nc6 5. Qd2 g6 6. b3 Bh6 7. f4 Nf6 8. Bb2 O-O 9. O-O-O e5 10. g3 Bg4 11. Nge2 Nd4 12. Kb1 Rc8 13. Nxd4 Bxd1 14. Qxd1 exd4 15. Qxd4 Bg7 16. Nd5 Nh5 17. Qxa7 Bxb2 18.
Kxb2 Nf6 19. Qxb7 Nxd5 20. Qxd5 Qf6+ 21. e5 dxe5 22. fxe5 Qf2 23. Bd3 Rfd8 24. Qe4 Qc5 25. e6 Qc3+ 26. Kb1 f5 27. Qe2 Re8 28. Re1 Rc7 29. Qe5 Qxe5 30. Rxe5 Rce7 31. a4 Kg7 32. Bc4 Kf6 33. Re2 g5 34. a5 f4 35. gxf4 gxf4 36. Bd5 Kf5 37. b4 Kg4 38. Rg2+ Kh3 39. Rf2 Kg4 40.
a6 Rd8 41. c4 1-0

[Event "Early-Titled-Tuesday-Blitz-May-07-2024"]
[Site "Chess.com"]
[Date "2024.05.07"]
[Round "1"]
[White "rookpower2004"]
[Black "ChelsieMonica"]
[Result "1-0"]
[WhiteElo "2571"]
[BlackElo "2538"]
[TimeControl "180+1"]
[EndTime "8:07:22 PDT"]
[Termination "rookpower2004 won by checkmate"]

1. e4 c5 2. Nf3 e6 3. d3 Nc6 4. Nbd2 d5 5. g3 d4 6. Bg2 g6 7.
O-O Bg7 8. Re1 Nge7 9. Nf1 e5 10. h3 O-O 11. N3h2 f5 12. exf5 Bxf5 13. f4 Kh8 14. Nf3 exf4 15. Bxf4 Nd5 16. Bg5 Bf6 17. Qd2 Bxg5 18.
Nxg5 Ne3 19. Nxe3 Qxg5 20. Nf1 Qf6 21. g4 Bd7 22. Ng3 Qg7 23. Ne4 b6 24. Rf1 Rxf1+ 25. Rxf1 Rf8 26. Qe1 h6 27. a3 Rxf1+ 28. Qxf1 Ne5 29.
Qf2 h5 30. g5 Qf7 31. Nf6 Be6 32. Qf4 Nd7 33. Be4 Nxf6 34. gxf6 Kg8 35. Qg5 Kh7 36.
Qxh5+ Kg8 37. Qg5 Kh7 38. h4 Bf5 39. Bxf5 gxf5 40. Qxf5+ Kh6 41. Qg5+ Kh7 42. Kf2 Qe6 43. Qg7# 1-0

[Event "Early-Titled-Tuesday-Blitz-May-07-2024"]
[Site "Chess.com"]
[Date "2024.05.07"]
[Round "1"]
[White "penguingm1"]
[Black "MasterKroket"]
[Result "1-0"]
[WhiteElo "2915"]
[BlackElo "2506"]
[TimeControl "180+1"]
[EndTime "8:07:23 PDT"]
[Termination "penguingm1 won by resignation"]

1. d4 d5 2. Bf4 Nf6 3. e3 c6 4. c4 Bf5 5. Nc3 e6 6. Qb3 Qb6 7. c5 Qxb3 8. axb3 Nbd7 9. b4 Nh5 10. Be5 Nxe5 11. dxe5 g5 12. Nf3 Be7 13. Be2 Ng7 14. O-O O-O 15. Rfc1 a6 16. Nd4 Bg6 17. Nb3 Rad8 18. Na4 f6 19. Nb6 fxe5 20. Na5 Rb8 21. Nd7 Bf6 22. Nxb8 Rxb8 23. Bxa6 bxa6 24. Nxc6 Rb5 25.
Rxa6 Be8 26. Na7 Rxb4 27. c6 Bxc6 28. Nxc6 Rxb2 29. Ra7 d4 30. exd4 exd4 31. Rd7 Nf5 32. h3 d3 33. Rxd3 Kg7 34. Re1 e5 35. Nxe5 Bxe5 36.
Rxe5 Rb1+ 37. Kh2 Kf6 38. Ra5 h6 39. Rf3 1-0

[Event "Early-Titled-Tuesday-Blitz-May-07-2024"]
[Site "Chess.com"]
[Date "2024.05.07"]
[Round "1"]
[White "Navyblue1"]
[Black "KarstenHansch"]
[Result "0-1"]
[WhiteElo "2253"]
[BlackElo "2592"]
[TimeControl "180+1"]
[EndTime "8:07:23 PDT"]
[Termination "KarstenHansch won by resignation"]

1. d4 Nf6 2. c4 g6 3. Nc3 Bg7 4. e4 d6 5. h3 O-O 6. Be3 c5 7.
d5 e6 8. Bd3 exd5 9. exd5 Re8 10.
Nf3 Bh6 11. Qd2 Bxe3 12. fxe3 Qe7 13. e4 Nbd7 14. O-O Ne5 15. Nxe5 Qxe5 16. Qf2 Kg7 17. Rae1 Re7 18. Re3 Nd7 19. Rf3 f6 20. Nd1 Qd4 21.
Qxd4 cxd4 22. Bc2 b6 23. Nf2 Ba6 24. b3 Ne5 25. Rg3 Rc8 26. Rd1 b5 27. Rxd4 bxc4 28.
bxc4 Bxc4 29. Bb3 Ba6 30. Ng4 Rc1+ 31. Kh2 Nxg4+ 32. Rxg4 Rec7 33. Rf4 Re1 34. Rd2 Rcc1 35. Rdf2 Rf1 36. Rxf6 Rxf2 37. Rxf2 Re1 38. Bc2 Bc4 39.
Bb3 Rxe4 40. Rc2 Bxb3 41. axb3 Kf6 42. Rc7 Re7 43. Rc6 Ke5 44. Kg3 Kxd5 45. Ra6 Rb7 46. Kg4 Ke5 47. Kg5 d5 48. Rc6 d4 49. Rc8 d3 50. Re8+ Kd4 51. Rd8+ Ke3 52. Re8+ Kd2 53.
Kf4 Rxb3 54. Rd8 a5 55. Ke4 a4 56. g4 a3 57. Ra8 Kc2 58. Rc8+ Rc3 59. Ra8 d2 0-1